 Dungeon Crawl Stone Soup version 0.27.1 (webtiles) character file.

Game seed: 6960221733603357931

978 MajorAdolf the Covert (level 8, -1/73 HPs)
             Began as a Naga Wanderer on Aug 23, 2021.
             Slain by an ogre (27 damage)
             ... on level 4 of the Dungeon.
             The game lasted 00:12:45 (10511 turns).

MajorAdolf the Covert (Naga Wanderer)              Turns: 10511, Time: 00:12:46

Health: -1/73      AC:  8    Str: 15    XL:     8   Next: 17%
Magic:  8/8        EV:  9    Int: 18    God:
Gold:   235        SH:  0    Dex:  7    Spells: 7/7 levels left

rFire    . . .     SeeInvis +   B - +2 whip (elec)
rCold    + + .     Faith    .   (no shield)
rNeg     . . .     Spirit   .   d - +0 leather armour
rPois    +         Reflect  .   n - +1 helmet
rElec    .         Harm     .   (no cloak)
rCorr    .         Rampage  .   x - +1 pair of gloves
Will     +....                  (no barding)
Stlth    +++++.....             (no amulet)
HPRegen  0.22/turn              i - ring of protection from cold
MPRegen  0.11/turn              w - ring of protection from cold

@: very slow
A: AC +2, large, see invisible, deformed body, poison resistance, slowness 2,
spit poison 1, naga tail 1
a: Spit Poison


You were on level 4 of the Dungeon.
You visited 1 branch of the dungeon, and saw 5 of its levels.

You collected 235 gold pieces.

Inventory:

Hand Weapons
 a - a +0 club
 e - a +0 dagger
 k - a +1 vorpal falchion
 o - a +1 dagger of protection
 p - a +1 dagger of draining
 q - a +3 dagger
 y - a +0 short sword of protection
 B - a +2 whip of electrocution (weapon)
Missiles
 b - 2 throwing nets
 f - 41 sling bullets
 m - 99 stones
Armour
 d - a +0 leather armour (worn)
 n - a +1 helmet (worn)
 x - a +1 pair of gloves (worn)
Magical Staves
 F - a staff of poison
Jewellery
 i - a ring of protection from cold (left hand)
 w - a ring of protection from cold (right hand)
Wands
 v - a wand of iceblast (1)
 A - a wand of paralysis (8)
Scrolls
 g - a scroll of amnesia {unknown}
 l - a scroll of enchant weapon {unknown}
 r - 4 scrolls of identify {unknown}
 z - a scroll of magic mapping {unknown}
 C - a scroll of silence {unknown}
 E - a scroll of teleportation {unknown}
 G - a scroll of noise {unknown}
Potions
 c - 5 potions of curing
 h - 2 potions of flight {unknown}
 j - a potion of invisibility {unknown}
 s - a potion of lignification {unknown}
 t - 2 potions of mutation {unknown}
 u - a potion of ambrosia {unknown}
 D - 2 potions of brilliance {unknown}


   Skills:
 + Level 4.4 Fighting
 - Level 1.0 Long Blades
 - Level 3.0 Maces & Flails
 - Level 1.0 Dodging
 - Level 13.0 Stealth


You had 7 spell levels left.
You didn't know any spells.
Your spell library contained the following spells:

 Spells                   Type           Power      Damage    Failure   Level
 Beastly Appendage        Tmut           0%         N/A       26%         1
 Wereblood                Tmut           0%         N/A       38%         2
 Call Canine Familiar     Summ           0%         N/A       63%         3
 Portal Projectile        Hex/Tloc       0%         N/A       63%         3
 Spider Form              Tmut/Pois      0%         N/A       63%         3
 Leda's Liquefaction      Hex/Erth       0%         N/A       95%         4


Dungeon Overview and Level Annotations

Branches:
Dungeon (5/15)
 Temple: D:4-7

Altars:

Annotations:
D:3 2 transporters, Garym's ghost, amateur MiFi
D:4 2 runed translucent doors


Innate Abilities, Weirdness & Mutations

Your serpentine skin is tough. (AC +2)
You have supernaturally acute eyesight. (SInv)
Armour fits poorly on your strangely shaped body.
Your system is resistant to poisons. (rPois)
You cover ground very slowly.
You can spit poison.
You have a snake-like lower body.


Message History

Lightning courses through the ice beast!
The ice beast is moderately wounded.
The ice beast hits you but does no damage.
You hit the ice beast.
The ice beast is heavily wounded.
The ice beast hits you but does no damage.
You hit the ice beast but do no damage.
Lightning courses through the ice beast!!
You kill the ice beast!
You have reached level 8!
You feel clever.
A ball python and an ogre come into view.
Found a robe.
An ogre comes into view. It is wielding a +0 giant spiked club.
You see here a +0 robe.
The helpless ball python fails to defend itself.
You whack the ball python!
You kill the ball python!
The ogre shouts! x2; You hear a shout! x2; You hear an angry hiss.
You hit the ogre.
The ogre is lightly wounded.
You hear a shout!
The ogre closely misses you.
A ball python comes into view.
You hit the ogre. Lightning courses through the ogre!!
You kill the ogre!
Your Fighting skill increases to level 4!
You hit the ogre.
The ogre is lightly wounded.
The ogre hits you with a +0 giant spiked club!!
You barely miss the ogre.
The ogre is lightly wounded.
An orc warrior comes into view. It is wielding a +0 halberd.
You hit the ogre.
The ogre is moderately wounded.
The ogre hits you with a +0 giant spiked club!!
You barely miss the ogre.
The ogre is moderately wounded.
The ogre hits you with a +0 giant spiked club!!
You die...

....8#..# #.# ...+..# #.# .+..#
#.# #..#### #.# ##.....#####.#
#..........#.# #'###..#...#.#
#.#.##.#...#.# ##.#@#.#...#.#
###O#.#...#.######## .
#S#............... ..
#o#).............. #.# ####
.##...............
#..######..######................
#................>..............
#.....###.......>...............
#....## #.......................


You could see an orc warrior, an ogre and a ball python.

Vanquished Creatures
  Pikel (D:4)
  An ice beast (D:4)
  An ogre (D:4)
  A lemure (D:3)
  An orc priest (D:4)
  2 iguanas (D:4)
  4 orc wizards
  Robin (D:3)
  5 adders
  A dart slug (D:4)
  14 orcs
  4 bats
  4 endoplasms
  2 giant cockroaches
  18 goblins
  5 hobgoblins
  6 jackals (D:3)
  4 quokkas
  2 ball pythons
  3 frilled lizards
  6 kobolds
  8 rats
94 creatures vanquished.

Notes
Turn   | Place    | Note
-------+----------+-------------------------------------------
     0 | D:1      | MajorAdolf the Naga Wanderer began the quest for the Orb.
     0 | D:1      | MajorAdolf set off with the following items: a +0 club, 2
                  | throwing nets, 2 potions of curing, a +0 leather armour, a
                  | +0 dagger
     0 | D:1      | Reached XP level 1. HP: 19/19 MP: 1/1
   195 | D:1      | Found a faded altar of an unknown god.
   198 | D:1      | Reached skill level 5 in Stealth
   231 | D:1      | Reached XP level 2. HP: 10/26 MP: 2/2
   591 | D:1      | Reached skill level 6 in Stealth
  1403 | D:2      | Reached XP level 3. HP: 32/32 MP: 3/3
  1628 | D:2      | Noticed Robin
  1639 | D:3      | Killed Robin
  1935 | D:2      | Reached skill level 7 in Stealth
  2150 | D:2      | Reached XP level 4. HP: 36/39 MP: 4/4
  5031 | D:3      | Reached skill level 8 in Stealth
  5426 | D:3      | Noticed a small abomination
  5563 | D:3      | Found a transporter.
  5569 | D:3      | Noticed Garym's ghost (amateur MiFi)
  5615 | D:3      | Found a transporter.
  6128 | D:3      | Reached XP level 5. HP: 33/45 MP: 5/5
  6503 | D:4      | Reached skill level 9 in Stealth
  6743 | D:4      | Noticed a lemure
  7019 | D:4      | Noticed a lemure
  7020 | D:4      | Noticed a lemure
  7020 | D:4      | Noticed a lemure
  7078 | D:3      | Killed a lemure
  7328 | D:4      | Noticed Pikel
  7336 | D:4      | Killed Pikel
  7337 | D:4      | Reached skill level 12 in Stealth
  7337 | D:4      | Reached XP level 6. HP: 27/52 MP: 6/6
  7337 | D:4      | Reached XP level 7. HP: 31/60 MP: 7/7
  8846 | D:4      | Reached skill level 13 in Stealth
 10347 | D:4      | Found a large runed translucent door.
 10347 | D:4      | Found a large runed translucent door.
 10367 | D:5      | Entered Level 5 of the Dungeon
 10503 | D:4      | Reached XP level 8. HP: 72/72 MP: 8/8
 10511 | D:4      | Slain by an ogre

Illustrated notes

Levels and vault maps discovered:
D:1:      lightli_arrival_maybe_door_vault, layout_rooms,
          hellmonk_ecumenical_altar_crossroads, hangedman_decor_points
D:2:      layout_loops_cross, uniq_robin
D:3:      layout_loops_corners, gammafunk_ghost_abyssal_escape,
          amcnicky_mini_corridor_feature, corexii_item_surrounded_by_moat,
          supply_closet_lemuel
D:4:      layout_basic, minmay_hollow_rounded_squares, uniq_pikel
D:5:      layout_basic, minmay_temple_entry_fiery

Skill      XL: |  1  2  3  4  5  6  7  8 |
---------------+-------------------------+-----
Stealth        | 5 6 7 8 12 13 | 13.0
Fighting       | 3 4 |  4.4
Long Blades    | |  1.0
Maces & Flails | |  3.0
Dodging        | |  1.0

Action                   |  1- 3 |  4- 6 |  7- 9 || total
-------------------------+-------+-------+-------++-------
Melee: Dagger            |    38 |   103 |       ||   141
       Falchion          |    25 |       |     2 ||    27
       Whip              |       |       |    36 ||    36
Throw: Throwing net      |     1 |       |       ||     1
 Abil: Spit Poison       |    34 |    31 |    14 ||    79
Evoke: Wand              |       |     7 |       ||     7
  Use: Potion            |       |     1 |       ||     1
 Stab: Sleeping          |     1 |     1 |     2 ||     4
Armor: Leather armour    |    15 |    44 |    11 ||    70
Dodge: Dodged            |    27 |    49 |     5 ||    81
       Rpst.: Falchion   |     6 |       |       ||     6
